 Dungeon Crawl Stone Soup version 0.20.1-1-g8b1a95d (webtiles) character file.

1453 Irenicus the Insei (level 8, -8/64 HPs)
             Began as a Deep Dwarf Transmuter on Oct 21, 2017.
             Mangled by an ogre
             ... wielding a +0 giant club
              (27 damage)
             ... on level 6 of the Dungeon.
             The game lasted 00:30:24 (4855 turns).

Irenicus the Insei (Deep Dwarf Transmuter)          Turns: 4855, Time: 00:30:24

Health: -8/64      AC:  2    Str: 14    XL:     8   Next: 47%
Magic:  3/10       EV: 24    Int: 17    God:
Gold:   312        SH:  5    Dex: 20    Spells: 7/13 levels left

rFire    . . .     SeeInvis .     - Unarmed
rCold    . . .     Gourm    .   (shield currently unavailable)
rNeg     . . .     Faith    .   (armour currently unavailable)
rPois    x         Spirit   .   (helmet currently unavailable)
rElec    .         Reflect  +   (cloak currently unavailable)
rCorr    .         Harm     .   (gloves currently unavailable)
MR       +....                  (boots currently unavailable)
Stlth    +++.......             q - +5 amulet of reflection
Regen    0.0/turn               x - ring of stealth
MPRegen  0.2/turn               f - +3 ring of intelligence

@: spider-form, non-regenerating
A: damage resistance, heal wounds, sense surroundings 1, no regeneration
a: Heal Wounds, End Transformation


You were on level 6 of the Dungeon.
You were very hungry.
You were a venomous arachnid creature.
You visited 1 branch of the dungeon, and saw 6 of its levels.

You collected 312 gold pieces.

Inventory:

Missiles
 a - 60 arrows
Armour
 h - a cursed +0 helmet (melded)
 o - a +0 pair of boots (melded)
 t - a +2 leather armour of positive energy (melded)
 y - a +0 pair of gloves (melded)
 A - a +1 cloak (melded)
Jewellery
 f - a +3 ring of intelligence (right front leg)
 q - a +5 amulet of reflection (around neck)
 w - an uncursed amulet of magic regeneration
 x - a ring of stealth (left front leg)
Wands
 u - a wand of polymorph (4/24)
 E - a wand of random effects (31/48)
 G - a wand of lightning (2/15)
Scrolls
 e - 5 scrolls of identify
 i - 2 scrolls of recharging {unknown}
 j - a scroll of enchant armour {unknown}
 m - 2 scrolls of teleportation
 p - a scroll of noise {unknown}
 r - a scroll of remove curse {unknown}
 s - 2 scrolls of fear {unknown}
 v - a scroll of fog {unknown}
 F - a scroll of blinking {unknown}
 H - a scroll of vulnerability {unknown}
Potions
 b - a potion of agility
 l - 2 potions of curing
 n - a potion of ambrosia
 B - a potion of lignification
 D - a potion of magic
Books
 c - a book of Changes

   Spells                             Type                      Level
   a - Beastly Appendage              Transmutation                1
   b - Sticks to Snakes               Transmutation                2
   c - Spider Form                    Transmutation/Poison         3
   d - Ice Form                       Ice/Transmutation            4
   e - Blade Hands                    Transmutation                5
Comestibles
 d - 6 bread rations
 g - 4 meat rations
 k - 12 fruits
 z - 3 royal jellies


   Skills:
 - Level 1.0 Fighting
 - Level 5.0 Dodging
 - Level 1.0 Stealth
 + Level 6.9 Unarmed Combat
 - Level 3.0 Spellcasting
 - Level 5.0 Transmutations
 - Level 2.0 Poison Magic


You had 7 spell levels left.
You knew the following spells:

 Your Spells              Type           Power        Failure   Level  Hunger
a - Beastly Appendage     Tmut           ###...       9%          1    None
b - Sticks to Snakes      Tmut           ###.....     11%         2    ##.....
e - Spider Form           Tmut/Pois      ##........   28%         3    ###....


Dungeon Overview and Level Annotations

Branches:
Dungeon (6/15)
 Temple: D:4-7

Altars:
Ashenzari

Annotations:
D:4 Ymberto's ghost, novice DEFE


Innate Abilities, Weirdness & Mutations

You are resistant to damage.
You can heal yourself by infusing magical energy.
You passively map a small area around you.
You do not regenerate.


Message History

Casting: Sticks to Snakes
Confirm with . or Enter, or press ? or * to list all spells.
You create 2 snakes!
You now have 60 arrows.
Casting: Sticks to Snakes
Confirm with . or Enter, or press ? or * to list all spells.
You turn into a venomous arachnid creature.
Your +1 cloak melds into your body.
Your cursed +0 helmet melds into your body.
Your +0 pair of gloves melds into your body.
Your +0 pair of boots melds into your body.
Your +2 leather armour of positive energy melds into your body.
You feel less protected from negative energy.
You are feeling very hungry.
You swap places.
A centaur skeleton comes into view.
The helpless ogre fails to defend itself.
You hit the ogre.
The ogre is poisoned.
The ogre is moderately wounded.
The ogre hits you with a giant club!!
You die...

, , ##... #.. ,, #....
..# , #....# ##>.# *,
...... ##..# , ... ,
......# #...# ....
.......##..# .....
.......#...### .....
#.Z....sS....#####.....
#.....OS#S......#......
* ,
#.....#######..........
* , ....## ###..#####
.....# ##..# * .. ...##
#..## , # ,.....# ##..#
, *.....####...# , ,
#....#....##


You could see an ogre, a centaur skeleton (dormant) and 3 friendly ball pythons.

Vanquished Creatures
  Duvessa (D:4)
  2 ogres
  A phantom (D:6)
  2 centaurs (D:5)
  Dowan (D:4)
  A water moccasin skeleton (D:6)
  A scorpion (D:4)
  A crimson imp (D:4)
  A bullfrog zombie (D:6)
  A bullfrog skeleton (D:5)
  An orc priest (D:5)
  4 orc wizards
  Crazy Yiuf (D:3)
  A gnoll shaman (D:5)
  2 iguanas
  6 worker ants
  A worker ant zombie (D:5)
  Robin (D:4)
  7 gnolls
  6 adders
  2 oozes
  An adder skeleton (D:4)
  A worm (D:2)
  A dart slug (D:1)
  4 leopard geckos
  11 orcs
  3 giant cockroaches
  17 goblins
  4 hobgoblins
  4 jackals (D:3)
  8 bats
  A frilled lizard (D:1)
  7 kobolds
  A quokka skeleton (D:6)
  8 rats
115 creatures vanquished.

Vanquished Creatures (collateral kills)
  An ogre (D:5)
  An iguana (D:4)
  A gnoll (D:3)
  An adder (D:3)
  3 worms
  2 dart slugs (D:1)
  A leopard gecko (D:3)
  9 orcs
  2 giant cockroaches
  2 goblins (D:4)
  3 hobgoblins
  A quokka (D:5)
27 creatures vanquished.

Vanquished Creatures (others)
  A plant (D:5)
1 creature vanquished.

Grand Total: 143 creatures vanquished

Notes
Turn   | Place    | Note
-------+----------+-------------------------------------------
     0 | D:1      | Irenicus the Deep Dwarf Transmuter began the quest for the Orb.
     0 | D:1      | Reached XP level 1. HP: 16/16 MP: 3/3
    66 | D:1      | Reached skill level 3 in Unarmed Combat
   101 | D:1      | Reached XP level 2. HP: 21/24 MP: 2/4
   110 | D:1      | Learned a level 2 spell: Sticks to Snakes
   759 | D:1      | Reached XP level 3. HP: 26/30 MP: 1/5
   882 | D:2      | Reached skill level 4 in Unarmed Combat
   988 | D:2      | Reached skill level 1 in Fighting
  1452 | D:3      | Reached XP level 4. HP: 20/38 MP: 1/6
  1606 | D:3      | Found a faded altar of an unknown god.
  1909 | D:3      | Reached XP level 5. HP: 16/44 MP: 6/8
  2052 | D:3      | Learned a level 3 spell: Spider Form
  2087 | D:3      | Found a runed door.
  2093 | D:3      | Noticed Crazy Yiuf
  2114 | D:3      | Killed Crazy Yiuf
  2398 | D:4      | Noticed Robin
  2426 | D:4      | Killed Robin
  2426 | D:4      | Reached skill level 1 in Poison Magic
  2635 | D:4      | Reached XP level 6. HP: 25/51 MP: 1/9
  2724 | D:4      | Noticed Ymberto's ghost (novice DEFE)
  2840 | D:4      | Noticed Dowan
  2841 | D:4      | Noticed Duvessa
  2858 | D:4      | Killed Duvessa
  2874 | D:4      | Killed Dowan
  2874 | D:4      | Reached XP level 7. HP: 32/57 MP: 0/10
  3069 | D:4      | Reached skill level 5 in Transmutations
  3519 | D:5      | Entered Level 5 of the Dungeon
  3714 | D:5      | Found a shattered altar of Ashenzari.
  3718 | D:5      | Saw a vision of the Swamp and the Spider Nest.
  3718 | D:5      | Noticed a wolf spider
  3718 | D:5      | Noticed a redback
  3718 | D:5      | Noticed a wolf spider
  3718 | D:5      | Noticed a redback
  3718 | D:5      | Noticed a hornet
  3718 | D:5      | Noticed an alligator
  3718 | D:5      | Noticed an alligator
  3721 | D:5      | Noticed an alligator
  3829 | D:5      | Reached skill level 1 in Stealth
  3944 | D:5      | Reached skill level 5 in Dodging
  4187 | D:5      | Reached skill level 5 in Unarmed Combat
  4187 | D:5      | Reached XP level 8. HP: 20/64 MP: 4/11
  4223 | D:5      | HP: 3/64 [centaur/arrow (13)]
  4302 | D:5      | Reached skill level 6 in Unarmed Combat
  4855 | D:6      | Mangled by an ogre

Skill      XL: |  1  2  3  4  5  6  7  8 |
---------------+-------------------------+-----
Unarmed Combat | 3 4 5 6 |  6.9
Fighting       | 1 |  1.0
Transmutations | 2 3 4 5 |  5.0
Spellcasting   | 2 3 |  3.0
Poison Magic   | 2 |  2.0
Dodging        | 5 |  5.0
Stealth        | 1 |  1.0

Action                   |  1- 3 |  4- 6 |  7- 9 || total
-------------------------+-------+-------+-------++-------
Melee: Unarmed           |   141 |   175 |   168 ||   484
       Headbutt          |     5 |     3 |       ||     8
       Punch             |     4 |     3 |     2 ||     9
       Kick              |     6 |     3 |       ||     9
 Cast: Beastly Appendage |    13 |     8 |       ||    21
       Sticks to Snakes  |    17 |    26 |    30 ||    73
       Spider Form       |       |     3 |    23 ||    26
 Abil: Heal Wounds       |     1 |     3 |     4 ||     8
Evoke: Wand              |       |     1 |       ||     1
  Use: Potion            |       |     5 |       ||     5
       Scroll            |       |     1 |     4 ||     5
 Stab: Sleeping          |       |     1 |     4 ||     5
       Distracted        |       |     1 |     1 ||     2
  Eat: Chunk             |     3 |     7 |    11 ||    21
Armor: Robe              |     3 |       |       ||     3
       Leather armour    |    39 |    32 |     7 ||    78
       Skin              |       |    23 |     4 ||    27
Dodge: Dodged            |    57 |    76 |   111 ||   244
Block: Other             |     8 |    42 |    43 ||    93
       Reflection        |     1 |     6 |     3 ||    10
